 Dungeon Crawl Stone Soup version 0.24.0-13-gcf9b319 (webtiles) character file.

Game seed: 3541662813331342643, levelgen mode: deterministic

153 Birdy the Vexing (level 5, 0/39 HPs)
             Began as a Demonspawn Arcane Marksman on Dec 10, 2019.
             Was an Initiate of Sif Muna.
             Slain by a centaur skeleton (6 damage)
             ... on level 4 of the Dungeon.
             The game lasted 00:07:34 (2745 turns).

Birdy the Vexing (Demonspawn Arcane Marksman)       Turns: 2745, Time: 00:07:35

Health: 0/39       AC:  4    Str:  9 (10) XL:     5   Next: 12%
Magic:  6/6        EV: 12    Int: 14 (16) God:    Sif Muna [......]
Gold:   118        SH:  0    Dex: 10 (13) Spells: 5/6 levels left

rFire    . . .     SeeInvis .   b - +4 spear (flame)
rCold    . . .     Gourm    .   (no shield)
rNeg     . . .     Faith    .   e - +0 robe
rPois    .         Spirit   .   (helmet restricted)
rElec    .         Reflect  .   (no cloak)
rCorr    .         Harm     .   (no gloves)
MR       .....                  (no boots)
Stlth    ..........             (no amulet)
HPRegen  0.13/turn              c - ring of attention (curse)
MPRegen  0.10/turn              (no ring)

@: lethally poisoned (0 -> -4)
A: antennae 2, thin metallic scales 1, spiny 1
a: Renounce Religion


You were on level 4 of the Dungeon.
You worshipped Sif Muna.
Sif Muna was noncommittal.
You were not hungry.

You visited 2 branches of the dungeon, and saw 5 of its levels.

You collected 118 gold pieces.

Inventory:

Hand Weapons
 a - a +0 hand crossbow
 b - a +4 spear of flaming (weapon)
Missiles
 d - 17 bolts
Armour
 e - a +0 robe (worn)
Jewellery
 c - a cursed ring of attention (left hand)
 j - an uncursed amulet of faith
Scrolls
 g - a scroll of teleportation
 i - 3 scrolls of enchant armour
Comestibles
 f - 2 rations


   Skills:
 + Level 2.4 Fighting
 + Level 3.0 Crossbows
 + Level 3.0 Dodging
 - Level 0.2 Stealth
 - Level 1.0 Spellcasting
 - Level 3.5 Hexes


You had 5 spell levels left.
You knew the following spells:

 Your Spells              Type           Power        Failure   Level  Hunger
a - Corona                Hex            ##.....      6%          1    ##.....

Your spell library contained the following spells:

 Spells                   Type           Power        Failure   Level  Hunger
 Slow                     Hex            ##......     10%         2    ###....
 Inner Flame              Hex/Fire       #.......     36%         3    ####...
 Portal Projectile        Hex/Tloc       #.....       36%         3    ####...
 Cause Fear               Hex            ##........   52%         4    #####..
 Leda's Liquefaction      Hex/Erth       #.........   77%         4    #####..


Dungeon Overview and Level Annotations

Branches:
Dungeon (4/15)             Temple (1/1) D:4

Altars:
Ashenzari
Cheibriados
Dithmenos
Elyvilon
Fedhas
Gozag
Hepliaklqana
Kikubaaqudgha
Makhleb
Nemelex Xobeh
Okawaru
Qazlal
Ru
Sif Muna
Trog
Uskayaw
Vehumet
Wu Jian
Xom
Yredelemnul
Zin
The Shining One

Annotations:
D:4 Grinder


Innate Abilities, Weirdness & Mutations

You have a pair of antennae on your head.
You are partially covered in thin metallic scales. (AC +2)
You are partially covered in sharp spines.


Message History

The worker ant is struck by your spines.
The worker ant closely misses you.
You completely miss the worker ant.
The worker ant is almost dead.
Your surroundings suddenly seem different.
You feel sick.
A centaur skeleton comes into view.
You hit the centaur skeleton. You burn the centaur skeleton.
The centaur skeleton is moderately damaged.
The centaur skeleton is struck by your spines.
The centaur skeleton barely misses you.
You hit the centaur skeleton. You burn the centaur skeleton.
The centaur skeleton is severely damaged.
You feel sick. The centaur skeleton barely misses you.
You hit the centaur skeleton but do no damage.
The centaur skeleton is severely damaged.
The centaur skeleton closely misses you.
The centaur skeleton is struck by your spines.
The centaur skeleton hits you.
You die...

#.# #.# #. #.#
#. #.# #. #.#
###. ..# ###...
### ##..... #
.......#######.
#
#.....@.......
######.#
###.#.#Z#.#.#.
...(...#
#.........#
########
#.#.#.#.#.#
#.........#
#.#.#.#.#.#
#.........# #
#.#.#.#.#..
###....


You could see a centaur skeleton.

Vanquished Creatures
  5 gnolls
  4 adders
  A worm (D:2)
  2 dart slugs (D:2)
  2 leopard geckos (D:1)
  2 orcs
  A ball python (D:1)
  5 bats
  4 giant cockroaches
  8 goblins
  5 hobgoblins
  4 jackals (D:4)
  6 kobolds
  A quokka (D:2)
  2 frilled lizards (D:2)
  8 rats
60 creatures vanquished.

Notes
Turn   | Place    | Note
-------+----------+-------------------------------------------
     0 | D:1      | Birdy the Demonspawn Arcane Marksman began the quest for
                  | the Orb.
     0 | D:1      | Reached XP level 1. HP: 15/15 MP: 2/2
   161 | D:1      | Gained mutation: You have a pair of small antennae on your
                  | head. [demonic ancestry]
   161 | D:1      | Reached XP level 2. HP: 6/21 MP: 3/3
   646 | D:1      | Gained mutation: You are partially covered in thin metallic
                  | scales. (AC +2) [demonic ancestry]
   646 | D:1      | Reached XP level 3. HP: 4/26 MP: 4/4
  1449 | D:2      | Gained mutation: You have a pair of antennae on your head.
                  | [demonic ancestry]
  1449 | D:2      | Reached XP level 4. HP: 28/33 MP: 5/5
  2200 | D:3      | Found a blossoming altar of Fedhas.
  2408 | D:4      | Found a staircase to the Ecumenical Temple.
  2540 | Temple   | Entered the Ecumenical Temple
  2546 | Temple   | Became a worshipper of Sif Muna the Loreminder
  2671 | D:4      | Gained mutation: You are partially covered in sharp spines.
                  | [demonic ancestry]
  2671 | D:4      | Reached XP level 5. HP: 27/39 MP: 6/6
  2713 | D:4      | Noticed Grinder
  2732 | D:4      | Paralysed by Grinder for 6 turns
  2745 | D:4      | Slain by a centaur skeleton

Levels and vault maps discovered:
D:1:      mushboom_english_gardens, layout_basic
D:2:      layout_basic, first_ration, minmay_misc_feat_nine_boxes,
          minmay_misc_feat_tiny
D:3:      layout_basic, fedhas_ov_isle_minmay
D:4:      layout_loops_ring, temple_pool_b, serial_glass, glass_columns_c,
          glass_columns_c, glass_columns_b, glass_columns_a, glass_columns_a,
          glass_columns_c, glass_columns_a, glass_columns_b, glass_columns_c,
          glass_columns_a, serial_shops, nicolae_shop_statue_plus, uniq_pikel,
          uniq_sigmund, uniq_grinder
Temple:   dpeg_three_leaves_temple

Skill      XL: |  1  2  3  4  5 |
---------------+----------------+-----
Crossbows      | 2 3 |  3.0
Dodging        | 2 3 |  3.0
Fighting       | 2 |  2.4
Stealth        | |  0.2
Spellcasting   | |  1.0
Hexes          | |  3.5

Action                   |  1- 3 |  4- 6 || total
-------------------------+-------+-------++-------
Melee: Unarmed           |    30 |       ||    30
       Spear             |    31 |    70 ||   101
 Fire: Hand crossbow     |    47 |    11 ||    58
  Use: Scroll            |       |     6 ||     6
       Potion            |       |     1 ||     1
 Stab: Sleeping          |     2 |       ||     2
  Eat: Chunk             |     1 |     3 ||     4
       Ration            |       |     1 ||     1
Armor: Robe              |    51 |    13 ||    64
Dodge: Dodged            |    83 |    41 ||   124
